 Dungeon Crawl Stone Soup version 0.31-a0-506-g3d79149578 (webtiles) character file.

Game seed: 6685836047581467025

256 Ethylacetat the Ducker (level 6, -3/42 HPs)
             Began as an Octopode Gladiator on Aug 8, 2023.
             Slain by a sky beast (6 damage)
             ... on level 7 of the Dungeon.
             The game lasted 00:06:34 (2293 turns).

Ethylacetat the Ducker (Octopode Gladiator)         Turns: 2293, Time: 00:06:35

Health: -3/42      AC:  1    Str: 13    XL:     6   Next: 15%
Magic:  6/6        EV: 15    Int: 10    God:
Gold:   110        SH:  0    Dex: 16    Spells: 5/5 levels left

rFire   . . .        l - +4 long sword of the Unkillable {vamp, rC+}
rCold   + . .        (no shield)
rNeg    . . .        b - +0 hat
rPois   .            (no amulet)
rElec   .            (no ring)
rCorr   .            (no ring)
SInv    .            (no ring)
Will    .....        (no ring)
Stlth   ++++         (no ring)
HPRegen 0.27/turn    (no ring)
MPRegen 0.10/turn    (no ring)
                     (no ring)

%: no passive effects
@: no status effects
A: almost no armour, amphibious, 8 rings, camouflage 1, gelatinous body 1,
(nimble swimmer 1), tentacles
a: no special abilities


You were on level 7 of the Dungeon.
You visited 1 branch of the dungeon, and saw 5 of its levels.

You collected 110 gold pieces.

Inventory:

Hand Weapons
 g - a +0 sling
 l - the +4 long sword of the Unkillable (weapon) {vamp, rC+}
   (You found it on level 2 of the Dungeon)

   rC+:       It protects you from cold.
Missiles
 c - a throwing net (quivered)
 d - a javelin
Armour
 b - a +0 hat (worn)
Scrolls
 a - a scroll of enchant armour {unknown}
 f - 2 scrolls of blinking {unknown}
 i - 2 scrolls of identify {unknown}
 m - a scroll of amnesia {unknown}
 n - a scroll of summoning {unknown}
 o - a scroll of teleportation {unknown}
Potions
 e - a potion of curing {unknown}
 h - 3 potions of brilliance {unknown}
 j - a potion of lignification {unknown}
 k - a potion of degeneration {unknown}
 p - a potion of might {unknown}
 q - a potion of berserk rage {unknown}


   Skills:
 + Level 3.5 Fighting
 - Level 3.1 Long Blades
 + Level 2.4 Ranged Weapons
 - Level 2.0 Throwing
 + Level 4.2 Dodging
 + Level 3.9 Stealth


You had 5 spell levels left.
You didn't know any spells.
Your spell library was empty.

Dungeon Overview and Level Annotations

Branches:
Dungeon (7/15)             Temple (0/1) D:7

Altars:

Annotations:
D:2 1 runed translucent door, Crazy Yiuf


Innate Abilities, Weirdness & Mutations

You cannot wear most types of armour.
You are amphibious.
You can wear up to eight rings at the same time.
Your skin changes colour to match your surroundings (Stealth+).
Your rubbery body absorbs attacks. (AC +1, EV +1)
((You are camouflaged when in or above water. (Stealth+)))
You have tentacles for arms and can constrict up to eight enemies at once.


Message History

You open the door.
A sourceless malevolence fills the Dungeon...
You fall into a shaft and drop 3 floors!
The shaft crumbles and collapses.
You open the door.
There is an open door here.
You open the door.
There is an open door here.
No target in view!
Okay, then.
You open the door.
Found a stone staircase leading down.
There is an open door here.
Found a dagger.
There is a stone staircase leading down here.
Found a staircase to the Ecumenical Temple.
A sky beast comes into view.
The sky beast flickers out of sight!
Deactivating autopickup; reactivate with Ctrl-A.
Found a scroll labelled UHEUWA JEUL.
You miss something. Something hits you. Something shocks you.
You miss something. Something hits you. Something shocks you.
You hit something.
You feel better. Something hits you. Something shocks you.
You closely miss something. Something barely misses you.
Something hits you but does no damage.
You closely miss something. Something hits you. Something shocks you.
Throw: 3 throwing nets
Press: ? - help, Q - select action, (/) - cycle Shift-Dir - straight line You throw a throwing net.
Something hits you.
* * * LOW HITPOINT WARNING * * *
Something shocks you.
* * * LOW HITPOINT WARNING * * *
Throw: 2 throwing nets
Press: ? - help, Q - select action, (/) - cycle Shift-Dir - straight line You throw a throwing net.
Something hits you.
* * * LOW HITPOINT WARNING * * *
Something shocks you.
You die...

.#...?.....#.
...........
#..⌠...⌠..#
###.........###
.......>.......
#.........#
###..⌠...⌠..###
(.....{@......#
..#.........#.#
+##.##.##.##
#......# .+##
#+###..##..)##
#.........
#.........
#.......#######
#.......#.....#


There were no monsters in sight!

Vanquished Creatures
  A scorpion (D:3)
  Jessica (D:2)
  Natasha (thrice) (D:3)
  An adder (D:3)
  An ufetubus (D:3)
  A dart slug (D:1)
  9 orcs (D:3)
  5 endoplasms
  10 giant cockroaches
  3 goblins
  6 hobgoblins
  4 jackals
  2 quokkas
  4 ball pythons
  4 bats
  4 kobolds
  9 rats
68 creatures vanquished.

Notes
Turn   | Place    | Note
-------+----------+-------------------------------------------
     0 | D:1      | Ethylacetat the Octopode Gladiator began the quest for the
                  | Orb.
     0 | D:1      | Reached XP level 1. HP: 14/14 MP: 1/1
   147 | D:1      | Reached XP level 2. HP: 17/19 MP: 2/2
   162 | D:1      | Reached skill level 1 in Stealth
   607 | D:1      | Reached XP level 3. HP: 25/25 MP: 3/3
   951 | D:2      | Identified the +4 long sword of the Unkillable {vamp, rC+}
  1132 | D:2      | Found a runed translucent door.
  1133 | D:2      | Noticed Crazy Yiuf
  1177 | D:2      | Noticed Jessica
  1184 | D:2      | Killed Jessica
  1185 | D:2      | Reached skill level 1 in Ranged Weapons
  1185 | D:2      | Reached XP level 4. HP: 30/30 MP: 4/4
  1517 | D:3      | Noticed a scorpion
  1527 | D:3      | Killed a scorpion
  1528 | D:3      | Reached XP level 5. HP: 27/36 MP: 5/5
  1603 | D:3      | Reached skill level 4 in Dodging
  2012 | D:3      | Noticed Natasha
  2025 | D:3      | Killed Natasha
  2203 | D:3      | Noticed Natasha
  2210 | D:3      | Killed Natasha
  2211 | D:3      | Reached XP level 6. HP: 36/42 MP: 6/6
  2218 | D:3      | Noticed Natasha
  2229 | D:3      | Killed Natasha
  2242 | D:4      | You fall into a shaft and drop 3 floors!
  2282 | D:7      | Found a staircase to the Ecumenical Temple.
  2283 | D:7      | Noticed a sky beast
  2293 | D:7      | Slain by a sky beast

Illustrated notes

Levels and vault maps discovered:
D:1:      psy_arrival_basics, layout_loops_ring
D:2:      layout_basic, uniq_jessica, uniq_crazy_yiuf_cottage
D:3:      layout_loops_ring, uniq_natasha
D:4:      layout_gridville, mainiacjoe_overflow_alcove_3
D:7:      layout_gridville, minmay_temple_entry_large_hall, eino_tiny_chamber

Skill      XL: |  1  2  3  4  5 |
---------------+----------------+-----
Stealth        | 1 2 3 |  3.9
Ranged Weapons | 1 2 |  2.4
Fighting       | 3 |  3.5
Dodging        | 4 |  4.2
Long Blades    | |  3.1
Throwing       | |  2.0

Action                     |  1- 3 |  4- 6 || total
---------------------------+-------+-------++-------
  Melee: Long sword        |    32 |    62 ||    94
         Constrict         |     8 |    19 ||    27
         Tentacles         |     5 |     5 ||    10
         Punch             |     1 |       ||     1
   Fire: Sling             |    63 |    25 ||    88
  Throw: Throwing net      |       |     2 ||     2
   Stab: Sleeping          |     3 |     1 ||     4
 Armour: Skin              |     6 |     6 ||    12
  Dodge: Dodged            |    50 |    61 ||   111

Table legend: (Time is in decaauts)
 A = Elapsed time spent in this place.
 B = Non-inter-level travel time spent in this place.
 C = Inter-level travel time spent in this place.
 D = Time resting spent in this place.
 E = Time spent auto-exploring this place.
 F = Levels seen in this place.
 G = Mean time per level.
                   A        B        C        D        E       F      G
               +--------+--------+--------+--------+--------+-----+--------+
         Total |   2347 |   2237 |    110 |     35 |   1752 |   5 |  469.4 |
       Dungeon |   2347 |   2237 |    110 |     35 |   1752 |   5 |  469.4 |
               +--------+--------+--------+--------+--------+-----+--------+

Top non-repeatable levels by time:
     D:3: 899 daAuts
     D:1: 880 daAuts
     D:2: 510 daAuts
     D:7: 52 daAuts
     D:4: 4 daAuts
